 Dungeon Crawl Stone Soup version 0.30-a0-457-g4b7bca3bfa (webtiles) character file.

Game seed: 4748161454252362400

21 Raultor the Insei (level 2, -1/18 HPs)
             Began as an Octopode Transmuter on Dec 13, 2022.
             Slain by a quokka (4 damage)
             ... on level 1 of the Dungeon.
             The game lasted 00:01:25 (400 turns).

Raultor the Insei (Octopode Transmuter)              Turns: 400, Time: 00:01:25

Health: -1/18      AC:  1    Str:  9    XL:     2   Next: 83%
Magic:  5/5        EV: 13    Int: 15    God:
Gold:   17         SH:  0    Dex: 12    Spells: 2/5 levels left

rFire   . . .      SeeInvis .      - Unarmed
rCold   . . .      Faith    .    (no shield)
rNeg    . . .      Spirit   .    (helmet restricted)
rPois   .          Reflect  .    (no amulet)
rElec   .          Harm     .    (no ring)
rCorr   .          Rampage  .    (no ring)
Will    .....                    (no ring)
Stlth   ++........               (no ring)
HPRegen 0.23/turn                (no ring)
MPRegen 0.09/turn                (no ring)
                                 (no ring)
                                 (no ring)

@: no status effects
A: almost no armour, amphibious, 8 rings, camouflage 1, gelatinous body 1,
(nimble swimmer 1), tentacles
a: no special abilities


You were on level 1 of the Dungeon.
You visited 1 branch of the dungeon, and saw 1 of its levels.

You collected 17 gold pieces.


Innate Abilities, Weirdness & Mutations

You cannot wear most types of armour.
You are amphibious.
You can wear up to eight rings at the same time.
Your skin changes colour to match your surroundings (Stealth+).
Your rubbery body absorbs attacks. (AC +1, EV +1)
((You are camouflaged when in or above water. (Stealth+)))
You have tentacles for arms and can constrict up to eight enemies at once.


   Skills:
 + Level 1.4 Fighting
 - Level 2.0 Dodging
 + Level 3.2 Unarmed Combat
 - Level 2.0 Spellcasting
 * Level 2.5 Transmutations
 + Level 0.8 Ice Magic


You had 2 spell levels left.
You knew the following spells:

 Your Spells              Type           Power      Damage    Failure   Level
b - Beastly Appendage     Tmut           18%        N/A       8%          1
w - Wereblood             Tmut           9%         N/A       12%         2

Your spell library contained the following spells:

 Spells                   Type           Power      Damage    Failure   Level
 Spider Form              Tmut/Pois      5%         N/A       36%         3
 Ice Form                 Ice/Tmut       6%         N/A       73%         4

Inventory:

Potions
 a - a potion of lignification
 b - a potion of invisibility {unknown}

Dungeon Overview and Level Annotations

Branches:
Dungeon (1/15)

Altars:

#.........##.# #≈
.............# #≈
#.###.#.###### #≈ #.#
#..... #≈ #.# ###..... #≈
#.# ##### ## #≈ #.####
.## #≈
.....#############..# #≈
................@rK.# #≈
.............######.....#
## .............# #.#..
.............# #
#####........######.#
.....................
#####........######.#
#......(.# ##########


You could see a quokka and a kobold.


Message History

Found 3 stones.
A quokka comes into view.
A quokka is nearby!
A quokka is nearby!
A rat comes into view.
A kobold comes into view. It is wielding a +0 short sword.
The rat bites you but does no damage.
You tentacle-slap the rat but do no damage.
Your grab misses the rat.
The kobold shouts!
The rat bites you.
You tentacle-slap the rat. Your grab misses the rat. You squeeze the rat.
You kill the rat!
You see here a rat corpse.
You barely miss the quokka. Your grab misses the quokka. The quokka bites you.
You barely miss the quokka. You grab the quokka.
You constrict the quokka, but do no damage.
The quokka bites you.
You barely miss the kobold. You grab the kobold.
You constrict the quokka, but do no damage.
You constrict the kobold, but do no damage.
The kobold closely misses you. The quokka bites you.
* * * LOW HITPOINT WARNING * * *
You release your grip on the quokka.
You release your grip on the kobold.
The quokka attacks as you move away! The quokka bites you.
* * * LOW HITPOINT WARNING * * *
You tentacle-slap the quokka. Your grab misses the quokka.
The quokka is moderately wounded.
The quokka bites you.
You die...

Action                   || total
-------------------------++-------
Melee: Unarmed           ||    45
       Constrict         ||    12
       Kick              ||     9
       Tentacles         ||     5
       Punch             ||     1
 Cast: Beastly Appendage ||     3
       Wereblood         ||     1
 Stab: Sleeping          ||     1
Armor: Skin              ||     4
Dodge: Dodged            ||    34

Levels and vault maps discovered:
D:1:      zaba_arrival_water, layout_basic, serial_park_tiny_pond

Notes
Turn   | Place    | Note
-------+----------+-------------------------------------------
     0 | D:1      | Raultor the Octopode Transmuter began the quest for the
                  | Orb.
     0 | D:1      | Reached XP level 1. HP: 13/13 MP: 3/3
    94 | D:1      | Reached XP level 2. HP: 10/18 MP: 3/5
   177 | D:1      | Learned a level 2 spell: Wereblood
   400 | D:1      | Slain by a quokka

Vanquished Creatures
  An endoplasm (D:1)
  2 giant cockroaches (D:1)
  A goblin (D:1)
  A hobgoblin (D:1)
  3 jackals (D:1)
  3 kobolds (D:1)
  A quokka (D:1)
  3 ball pythons (D:1)
  A frilled lizard (D:1)
  A rat (D:1)
17 creatures vanquished.

Table legend: (Time is in decaauts)
 A = Elapsed time spent in this place.
 B = Non-inter-level travel time spent in this place.
 C = Inter-level travel time spent in this place.
 D = Time resting spent in this place.
 E = Time spent auto-exploring this place.
 F = Levels seen in this place.
 G = Mean time per level.
                   A        B        C        D        E       F      G
               +--------+--------+--------+--------+--------+-----+--------+
         Total |    397 |    397 |      0 |      0 |    275 |   1 |  397.0 |
       Dungeon |    397 |    397 |      0 |      0 |    275 |   1 |  397.0 |
               +--------+--------+--------+--------+--------+-----+--------+

Top non-repeatable levels by time:
     D:1: 397 daAuts

Table legend:
 A = Non-vault XP
 B = Vault XP
 C = Vault XP percentage of total XP
 D = Non-vault monster count
 E = Vault monster count
 F = Vault count percentage of total count
                 A         B        C        D         E       F
            +---------+---------+-------+---------+---------+-------
      Total |      30 |       0 |   0.0 |      17 |       0 |   0.0
            +---------+---------+-------+---------+---------+-------
        D:1 |      30 |       0 |   0.0 |      17 |       0 |   0.0
            +---------+---------+-------+---------+---------+-------
